 Dungeon Crawl Stone Soup version 0.29-a0-598-gd8304a5bf4 (webtiles) character file.

Game seed: 904794836652202421

32466 thedrnick the Severer (level 13, 0/117 HPs)
             Began as a Minotaur Monk on June 15, 2022.
             Was an Initiate of Yredelemnul.
             Killed by divine providence
             ... invoked by an orc priest
              (11 damage)
             ... on level 2 of the Orcish Mines.
             The game lasted 01:09:15 (16715 turns).

thedrnick the Severer (Minotaur Monk)              Turns: 16715, Time: 01:09:16

Health: 0/117      AC: 16    Str: 22    XL:     13   Next: 31%
Magic:  13/13      EV: 16    Int:  8    God:    Yredelemnul [......]
Gold:   1102       SH: 15    Dex: 18    Spells: 12/12 levels left

rFire   . . .      SeeInvis .   J - +2 war axe (freeze)
rCold   + . .      Faith    .   v - +2 buckler
rNeg    + . .      Spirit   .   d - +2 ring mail
rPois   +          Reflect  +   (helmet restricted)
rElec   +          Harm     .   y - +2 ratskin cloak {*Rats rPois rN+ Str-1 Int-1 Dex+1}
rCorr   .          Rampage  .   f - +2 pair of gloves "Ajidonu" {Fly rElec rPois}
Will    .....      Rnd*Tele +   H - +0 pair of boots
Stlth   +++.......              k - amulet of reflection
HPRegen 0.29/turn               e - ring of protection from cold
MPRegen 0.13/turn               r - +6 ring of strength

@: mighty, flying, studying Armour
A: horns 2, retaliatory headbutt, clever 1, deformed body, sense surroundings 1,
teleportitis 1
a: Renounce Religion, Recall Undead Harvest


You were on level 2 of the Orcish Mines.
You worshipped Yredelemnul.
Yredelemnul was noncommittal.
You visited 3 branches of the dungeon, and saw 15 of its levels.

You collected 1102 gold pieces.

Inventory:

Hand Weapons
 a - a +0 hand axe
 q - a +2 vorpal hand axe
 u - the +7 halberd "Xilev" {freeze, rElec rN++ Str-3}
   (You took it off a wight on level 8 of the Dungeon)

   It freezes those it strikes, dealing additional cold damage.
   It can also slow down cold-blooded creatures.
   Str:       It affects your strength (-3).
   rElec:     It insulates you from electricity.
   rN:        It greatly protects you from negative energy.
 E - a +0 whip
 F - a +0 whip
 J - a +2 war axe of freezing (weapon)
Missiles
 G - a throwing net
Armour
 b - a +0 robe
 d - a +2 ring mail (worn)
 f - the +2 pair of gloves "Ajidonu" (worn) {Fly rElec rPois}
   (You acquired it on level 1 of the Dungeon)

   rElec:     It insulates you from electricity.
   rPois:     It protects you from poison.
   Fly:       It grants you flight.
 v - a +2 buckler (worn)
 y - the +2 ratskin cloak (worn) {*Rats rPois rN+ Str-1 Int-1 Dex+1}
   (You found it on level 5 of the Dungeon)

   When the wearer is hurt, rats may emerge from it to assist them.
   Str:       It affects your strength (-1).
   Int:       It affects your intelligence (-1).
   Dex:       It affects your dexterity (+1).
   rPois:     It protects you from poison.
   rN:        It protects you from negative energy.
 H - a +0 pair of boots (worn)
Jewellery
 e - a ring of protection from cold (left hand)
 k - an amulet of reflection (around neck)
 r - a +6 ring of strength (right hand)
 M - a ring of positive energy
 P - a ring of ice
Wands
 t - a wand of flame (66)
 w - a wand of polymorph (10)
 x - a wand of iceblast (4)
 z - a wand of light (6)
 K - a wand of mindburst (6)
Scrolls
 h - 2 scrolls of immolation
 i - 6 scrolls of teleportation
 m - 2 scrolls of fog
 o - a scroll of poison
 p - a scroll of silence
 C - 6 scrolls of fear
 D - 5 scrolls of magic mapping
 L - 4 scrolls of amnesia
Potions
 c - 2 potions of ambrosia
 g - 3 potions of attraction
 j - 3 potions of degeneration
 l - a potion of flight
 s - 5 potions of curing {unknown}
 B - a potion of haste {unknown}
 I - 2 potions of resistance {unknown}
 N - a potion of invisibility {unknown}
 O - a potion of cancellation {unknown}


   Skills:
 + Level 11.7 Fighting
 + Level 15.5 Axes
 + Level 13.0 Armour
 + Level 9.7 Dodging
 + Level 5.7 Stealth
 + Level 12.0 Shields
 + Level 2.5 Invocations


You had 12 spell levels left.
You didn't know any spells.
Your spell library contained the following spells:

 Spells                   Type           Power      Damage    Failure   Level
 Summon Small Mammal      Summ           0%         N/A       58%         1
 Scorch                   Fire           0%         2d5       73%         2
 Call Canine Familiar     Summ           0%         N/A       91%         3
 Inner Flame              Hex/Fire       0%         N/A       91%         3
 Summon Guardian Golem    Hex/Summ       0%         N/A       91%         3
 Cause Fear               Hex            0%         N/A       100%        4
 Flame Wave               Conj/Fire      0%         2d4       100%        4
 Fulminant Prism          Conj/Hex       0%         3d6       100%        4
 Iskenderun's Mystic Bla  Conj/Tloc      0%         2d3       100%        4
 Lee's Rapid Deconstruct  Erth           0%         3d5*      100%        5
 Summon Cactus Giant      Summ           0%         N/A       100%        6
 Discord                  Hex            0%         N/A       100%        8


Dungeon Overview and Level Annotations

Branches:
Dungeon (12/15)            Temple (0/1) D:7            Lair (1/6) D:11
    Orc (2/2) D:12
    Elf: Orc:2

Altars:
Ashenzari
Dithmenos
Elyvilon
Fedhas
Gozag
Hepliaklqana
Makhleb
Ru
Vehumet
Xom
Yredelemnul
Zin
The Shining One

Shops:
D:10 *   D:12 [   Orc:2 **

Annotations:
D:6 2 transporters, Nebesus's ghost, novice NaVM
D:10 3 runed translucent doors, exclusion: obsidian statue, HoaS's ghost, novice FeBe


Innate Abilities, Weirdness & Mutations

You have a pair of horns on your head.
You reflexively headbutt those who attack you in melee.
Your mind is acute. (Int +2)
Armour fits poorly on your strangely shaped body.
You passively map a small area around you.
You are occasionally teleported next to monsters.


Message History

The soul eater closely misses your spectral soul eater.
The orc warrior hits your spectral soul eater with a +0 trident!
Your orc warrior zombie closely misses the orc warrior.
Your spectral soul eater barely misses the orc warrior.
The orc warrior hits your orc warrior zombie with a +0 trident!!
The soul eater hits your spectral soul eater!
Your spectral soul eater is destroyed!
The orc warrior no longer looks unusually strong.
The orc warrior hits your orc warrior zombie with a +0 trident!!
Your orc warrior zombie is destroyed!
You hit the soul eater.
The soul eater is heavily wounded.
The soul eater draws from the surrounding life force!
* * * LOW HITPOINT WARNING * * *
The soul eater is healed.
You block the orc warrior's attack.
You hit the soul eater. You headbutt the soul eater.
The soul eater is heavily wounded.
The orc priest mumbles some strange prayers to Beogh against you.
Beogh smites you!
* * * LOW HITPOINT WARNING * * *
You block the orc warrior's attack. The soul eater hits you.
* * * LOW HITPOINT WARNING * * *
You hit the soul eater. You freeze the soul eater.
You headbutt the soul eater, but do no damage.
The soul eater is severely wounded.
You hit the soul eater. You freeze the soul eater.
You headbutt the soul eater, but do no damage.
The soul eater is severely wounded.
The orc no longer looks unusually strong.
You block the orc warrior's attack.
The soul eater draws from the surrounding life force!
* * * LOW HITPOINT WARNING * * *
The soul eater is healed.
The soul eater attacks as you move away!
The soul eater hits you but does no damage.
The orc priest begins to cast a cantrip, but forgets the words!
The orc priest mumbles some strange prayers to Beogh against you.
Beogh smites you!
You die...
Your body rises from the dead as a mindless zombie.

#........##.)..###....
,*
##.#....###....#.....)
,
##...#.####.###...###
, * ####...#.#.##<..##
# #####.#..........###
*
##.###....#.#......##
,
##.........######.....
##.#.......##
##.#.....
##...#)@...##
#........
#....o..#...#
#...##...
###..3#..#.## ##.#
#... ##o.####### ##*
#### ##.o##* ##.o## *
##Zo## , * ##))## ,
*,* ##..##*


You could see a soul eater, 2 orc warriors, an orc priest, 2 orcs and an orc
knight zombie.

Vanquished Creatures
  Snorg (Orc:1)
  Josephine (D:10)
  Erolcha (D:10)
  A boulder beetle (D:12)
  Fannar (Orc:1)
  A centaur warrior (D:11)
  4 two-headed ogres
  A soul eater (Orc:2)
  The ghost of lfo the Quickloader, a novice SpHu (D:8)
  2 orc knights
  An orc sorcerer (Orc:1)
  4 cyclopes
  A manticore (D:12)
  3 gargoyles (D:12)
  A cane toad (Lair:1)
  An unseen horror (D:10)
  A freezing wraith (D:12)
  2 kobold demonologists
  4 trolls
  A polar bear (Lair:1)
  2 hornets (D:11)
  5 slime creatures (D:12)
  2 vampires (D:11)
  2 shadows
  3 wyverns
  4 yaks
  5 wraiths
  A basilisk (D:12)
  Eustachio (D:5)
  3 steam dragons
  11 vampire mosquitoes
  2 water moccasins
  Edmund (D:5)
  An ice beast (D:7)
  23 orc warriors
  3 sky beasts
  A black bear (D:7)
  4 ogres
  2 centaurs
  2 phantoms (D:6)
  8 kobold brigands
  A gnoll sergeant (D:12)
  A necrophage (D:5)
  6 bullfrogs
  2 scorpions
  7 wights
  10 killer bees
  A howler monkey (D:4)
  3 hounds
  2 gnoll shamans
  3 jellies
  7 orc priests
  2 iguanas
  16 orc wizards
  4 adders
  13 gnolls
  A white imp (D:7)
  2 ufetubi
  57 orcs
  6 endoplasms
  5 giant cockroaches
  6 goblins
  9 hobgoblins
  6 jackals (D:4)
  26 kobolds
  6 quokkas
  7 ball pythons
  5 bats
  4 frilled lizards
  A rat (D:2)
338 creatures vanquished.

Vanquished Creatures (collateral kills)
  Urug (D:10)
  A manticore (D:12)
  A cyclops (D:11)
  2 ugly things
  A gargoyle (D:12)
  2 slime creatures (D:12)
  A shadow (D:9)
  A wyvern (D:7)
  A basilisk (Lair:1)
  7 yaks
  2 steam dragons
  4 vampire mosquitoes
  An acid dragon (D:11)
  2 water moccasins
  An ice beast (D:5)
  3 orc warriors
  A black bear (D:11)
  3 ogres
  2 kobold brigands
  3 gnoll sergeants
  A scorpion (D:11)
  A wight (D:10)
  5 killer bees
  An orc priest (Orc:2)
  A hound (D:5)
  A gnoll (D:12)
  A shadow imp (D:6)
  11 orcs
  6 kobolds
68 creatures vanquished.

Vanquished Creatures (others)
  An ugly thing zombie (D:12)
  A spectral soul eater (Orc:2)
  A slime creature zombie (D:12)
  3 vampire mosquito zombies
  2 troll zombies (D:12)
  2 yak zombies
  A polar bear zombie (Lair:1)
  A scorpion zombie (D:4)
  5 killer bee zombies
  An acid dragon zombie (D:11)
  An ogre zombie (Orc:1)
  A sky beast zombie (D:8)
  2 hound zombies
  2 gnolls (D:6)
  7 gnoll zombies
  2 steam dragon zombies (D:8)
  An iguana zombie (D:6)
  A ball python zombie (D:6)
  14 kobold zombies
  39 orc zombies
  15 fungi (D:11)
  27 plants
  2 withered plants (D:4)
132 creatures vanquished.

Grand Total: 538 creatures vanquished

Notes
Turn   | Place    | Note
-------+----------+-------------------------------------------
     0 | D:1      | thedrnick the Minotaur Monk began the quest for the Orb.
     0 | D:1      | Reached XP level 1. HP: 19/19 MP: 0/0
   373 | D:1      | Identified a scroll of acquirement
   373 | D:1      | Acquired the +2 pair of gloves "Ajidonu" {Fly rElec rPois}
   409 | D:1      | Gained mutation: You expend magic power (3 MP) to
                  | strengthen your wands. [potion of mutation]
   409 | D:1      | Gained mutation: Your body sometimes deteriorates upon
                  | taking damage. [potion of mutation]
   409 | D:1      | Gained mutation: You are clumsy. (Dex -2) [potion of
                  | mutation]
   409 | D:1      | Gained mutation: You have hidden genetic potential. [potion
                  | of mutation]
   444 | D:1      | Reached XP level 2. HP: 26/27 MP: 1/1
   466 | D:1      | Gained mutation: You passively map a small area around you.
                  | [hidden potential]
   577 | D:1      | Reached skill level 4 in Axes
   839 | D:1      | Reached XP level 3. HP: 33/33 MP: 2/2
   913 | D:2      | Found a shimmering altar of Xom.
  1028 | D:2      | Gained mutation: You are partially covered in iridescent
                  | scales. (AC +2) [hidden potential]
  1028 | D:2      | Lost mutation: You have hidden genetic potential. [hidden
                  | potential expressed]
  1083 | D:2      | Reached XP level 4. HP: 30/41 MP: 3/3
  1085 | D:2      | Reached skill level 1 in Armour
  1120 | D:2      | Reached skill level 5 in Axes
  2261 | D:3      | Reached XP level 5. HP: 47/47 MP: 4/4
  2629 | D:3      | Found a glowing silver altar of Zin.
  2911 | D:4      | Lost mutation: You passively map a small area around you.
                  | [potion of mutation]
  2911 | D:4      | Lost mutation: You expend magic power (3 MP) to strengthen
                  | your wands. [potion of mutation]
  2911 | D:4      | Lost mutation: Your body sometimes deteriorates upon taking
                  | damage. [potion of mutation]
  2911 | D:4      | Gained mutation: You are strong-willed. (Will+) [potion of
                  | mutation]
  2982 | D:4      | Found a white marble altar of Elyvilon.
  3051 | D:4      | Noticed an orc warrior
  3066 | D:4      | Killed an orc warrior
  3067 | D:4      | Reached XP level 6. HP: 47/55 MP: 5/5
  3274 | D:4      | Reached skill level 5 in Fighting
  3274 | D:4      | Reached skill level 6 in Axes
  3283 | D:4      | Reached skill level 1 in Shields
  3403 | D:4      | Found a basalt altar of Yredelemnul.
  3413 | D:4      | Became a worshipper of Yredelemnul the Dark
  3413 | D:4      | Reached * piety under Yredelemnul
  3413 | D:4      | Reached ** piety under Yredelemnul
  3532 | D:4      | Noticed a wyvern
  3543 | D:4      | Killed a wyvern
  3544 | D:4      | Reached XP level 7. HP: 61/61 MP: 6/6
  3862 | D:5      | Entered Level 5 of the Dungeon
  3924 | D:5      | Noticed Edmund
  3942 | D:5      | Killed Edmund
  3943 | D:5      | Reached skill level 7 in Axes
  4214 | D:5      | Noticed Eustachio
  4215 | D:5      | Found the +2 ratskin cloak {*Rats rPois rN+ Str-1 Int-1
                  | Dex+1}
  4223 | D:5      | Killed Eustachio
  4224 | D:5      | Reached skill level 5 in Armour
  4224 | D:5      | Reached skill level 5 in Dodging
  4224 | D:5      | Reached XP level 8. HP: 69/70 MP: 7/7
  4579 | D:5      | Reached skill level 8 in Axes
  4813 | D:6      | Found a sacrificial altar of Ru.
  4877 | D:6      | Found a transporter.
  4883 | D:6      | Noticed Nebesus's ghost (novice NaVM)
  4885 | D:6      | Found a transporter.
  4905 | D:6      | Found a hazy altar of Hepliaklqana.
  5001 | D:6      | Acquired a manual of Armour
  5030 | D:6      | Found a blossoming altar of Fedhas.
  5051 | D:6      | Noticed a two-headed ogre
  5069 | D:6      | Killed a two-headed ogre
  5069 | D:6      | Reached *** piety under Yredelemnul
  5070 | D:6      | Reached skill level 9 in Axes
  5070 | D:6      | Reached XP level 9. HP: 50/78 MP: 8/8
  5369 | D:6      | Found a shadowy altar of Dithmenos.
  5412 | D:6      | Reached skill level 10 in Axes
  6097 | D:7      | Reached skill level 5 in Shields
  6276 | D:7      | Found a staircase to the Ecumenical Temple.
  6798 | D:8      | Reached XP level 10. HP: 73/86 MP: 9/9
  6958 | D:8      | Reached skill level 11 in Axes
  7353 | D:8      | Identified the +7 halberd "Xilev" {freeze, rElec rN++
                  | Str-3}
  7433 | D:8      | Lost mutation: You are partially covered in iridescent
                  | scales. (AC +2) [potion of mutation]
  7433 | D:8      | Lost mutation: You are strong-willed. (Will+) [potion of
                  | mutation]
  7433 | D:8      | Lost mutation: You are clumsy. (Dex -2) [potion of
                  | mutation]
  7433 | D:8      | Gained mutation: Armour fits poorly on your strangely
                  | shaped body. [potion of mutation]
  7433 | D:8      | Gained mutation: Your muscles are strong. (Str +2) [potion
                  | of mutation]
  7433 | D:8      | Gained mutation: Your magical capacity is low. (-10% MP)
                  | [potion of mutation]
  7433 | D:8      | Gained mutation: You passively map a small area around you.
                  | [potion of mutation]
  7774 | D:8      | Found a runed translucent gate.
  7774 | D:8      | Found a runed translucent gate.
  7774 | D:8      | Found a runed translucent gate.
  7776 | D:8      | Noticed lfo's ghost (novice SpHu)
  7823 | D:8      | Killed lfo's ghost
  8392 | D:9      | Reached **** piety under Yredelemnul
  8392 | D:9      | Reached skill level 12 in Axes
  8601 | D:9      | Reached skill level 1 in Invocations
  8737 | D:9      | Found a burning altar of Makhleb.
  8737 | D:9      | Found a radiant altar of Vehumet.
  8737 | D:9      | Found a glowing golden altar of the Shining One.
  8811 | D:9      | Found a broken altar of Ashenzari.
  8843 | D:9      | Noticed a two-headed ogre
  8855 | D:9      | Killed a two-headed ogre
  8945 | D:9      | Found a shimmering altar of Xom.
  8998 | D:9      | Noticed a two-headed ogre
  9017 | D:9      | Killed a two-headed ogre
  9018 | D:9      | Reached XP level 11. HP: 84/95 MP: 9/9
  9155 | D:10     | Entered Level 10 of the Dungeon
  9269 | D:10     | Found a runed translucent gate.
  9270 | D:10     | Found a runed translucent gate.
  9271 | D:10     | Found a runed translucent gate.
  9272 | D:10     | Found an opulent altar of Gozag.
  9273 | D:10     | Noticed a deep elf pyromancer
  9273 | D:10     | Noticed an obsidian statue
  9273 | D:10     | Noticed a cyan ugly thing
  9274 | D:10     | Noticed HoaS's ghost (novice FeBe)
  9378 | D:10     | Noticed Erolcha
  9393 | D:10     | Killed Erolcha
  9755 | D:10     | Noticed a two-headed ogre
  9764 | D:10     | Killed a two-headed ogre
  9765 | D:10     | Reached skill level 13 in Axes
  9852 | D:10     | Noticed Josephine
  9884 | D:10     | Killed Josephine
 10481 | D:10     | Noticed Urug
 10499 | D:10     | Killed Urug
 10500 | D:10     | Reached skill level 10 in Armour
 10816 | D:10     | Found Ynef Hill's Assorted Antiques.
 10954 | D:11     | Reached skill level 5 in Stealth
 10954 | D:11     | Noticed a centaur warrior
 10968 | D:11     | Killed a centaur warrior
 11150 | D:11     | Noticed a red ugly thing
 11165 | D:11     | Killed a red ugly thing
 11166 | D:11     | Reached XP level 12. HP: 86/106 MP: 11/11
 11198 | D:11     | Reached skill level 14 in Axes
 11541 | D:11     | Reached skill level 10 in Shields
 11862 | D:11     | Found a staircase to the Lair.
 11908 | D:11     | Reached skill level 10 in Fighting
 12660 | Lair:1   | Entered Level 1 of the Lair of Beasts
 12747 | Lair:1   | Noticed a five-headed hydra
 12951 | Lair:1   | Noticed a seven-headed hydra
 13591 | D:12     | Lost mutation: Your muscles are strong. (Str +2) [potion of
                  | mutation]
 13591 | D:12     | Lost mutation: Your magical capacity is low. (-10% MP)
                  | [potion of mutation]
 13591 | D:12     | Gained mutation: You are occasionally teleported next to
                  | monsters. [potion of mutation]
 13591 | D:12     | Gained mutation: Your mind is acute. (Int +2) [potion of
                  | mutation]
 13712 | D:12     | Identified the +3 robe of the World {Harm rN++ Archmagi}
 13962 | D:12     | Reached ***** piety under Yredelemnul
 13967 | D:12     | Found a staircase to the Orcish Mines.
 14416 | D:12     | Noticed a boulder beetle
 14447 | D:12     | Killed a boulder beetle
 15211 | D:12     | Found Xyot Faf's Armour Shop.
 15313 | Orc:1    | Entered Level 1 of the Orcish Mines
 15315 | Orc:1    | Reached XP level 13. HP: 116/116 MP: 13/13
 15447 | Orc:1    | Noticed Fannar
 15483 | Orc:1    | Killed Fannar
 15484 | Orc:1    | Reached skill level 15 in Axes
 15905 | Orc:1    | Noticed Snorg
 15920 | Orc:1    | Killed Snorg
 16524 | Orc:2    | Entered Level 2 of the Orcish Mines
 16645 | Orc:2    | Found Leorphi's General Store.
 16650 | Orc:2    | Found Latiewam's General Store.
 16715 | Orc:2    | Killed from afar by an orc priest

Illustrated notes

Levels and vault maps discovered:
D:1:      minmay_arrival_stone_box, layout_basic, minmay_split_cup_large
D:2:      cheibrodos_pilgrimage, layout_loops_corners, basic_altar,
          kennysheep_crisscross
D:3:      layout_loops_ring, mainiacjoe_overflow_alcove_2
D:4:      layout_loops_ring, yredelemnul_altar_generic,
          mainiacjoe_overflow_paths, portal_sewer_entry_e, minmay_distorted
D:5:      layout_cave_pods, minmay_misc_feat_doors, roderic_roman_lattice,
          minmay_misc_feat_encased, minmay_holes, uniq_eustachio, uniq_edmund
D:6:      layout_basic, fedhas_altar_1, nicolae_ru_great_annihilating_truth,
          grunt_dithmenos_shadows, mainiacjoe_overflow_concentric_impassable,
          gammafunk_ghost_smash
D:7:      layout_loops_ring, minmay_temple_entry_tees
D:8:      layout_basic, ebering_ghost_rock_garden
D:9:      layout_roguey, lemuel_round_altar, kennysheep_little_box,
          gammafunk_temple_overflow_claw
D:10:     layout_basic, ebering_ghost_gozag, kennysheep_cluttered_room,
          kennysheep_generic_room_14, uniq_erolcha, uniq_urug, uniq_josephine
D:11:     layout_cave_pods, due_lair_maze_entry_diamond,
          kennysheep_generic_room_2
D:12:     layout_loops_corners, kennysheep_orc_monster_closet_entryway,
          serial_shops, nicolae_lakefront_shop, minmay_increasing_density
Lair:1:   layout_chaotic_city, fungi_pond_lemuel, serial_bayou_lagoon_a
Orc:1:    layout_diamond_mine, uniq_fannar, uniq_snorg
Orc:2:    pf_orc_diabolical, layout_diamond_mine, basic_altar, roderic_batcave

Skill      XL: |  1  2  3  4  5  6  7  8  9 10 11 12 13 |
---------------+----------------------------------------+-----
Fighting       | 4 5 6 7 8 9 11 | 11.7
Axes           | 4 5 6 7 9 10 12 13 14 15 | 15.5
Armour         | 1 3 4 5 6 7 8 10 12 13 | 13.0
Dodging        | 4 5 6 7 8 9 |  9.7
Stealth        | 2 3 4 5 |  5.7
Shields        | 1 2 4 5 8 9 11 12 | 12.0
Invocations    | 1 2 |  2.5

Action                   |  1- 3 |  4- 6 |  7- 9 | 10-12 | 13-15 || total
-------------------------+-------+-------+-------+-------+-------++-------
Melee: Hand axe          |    69 |   127 |   220 |   558 |       ||   974
       Headbutt          |    10 |    31 |    47 |   148 |    42 ||   278
       Punch             |     1 |     2 |       |       |       ||     3
       War axe           |       |       |       |    85 |   170 ||   255
Invok: Dark Bargain      |       |       |     1 |     9 |       ||    10
Evoke: Wand              |       |       |       |       |     2 ||     2
  Use: Scroll            |     6 |     2 |     5 |    18 |       ||    31
       Potion            |     1 |     1 |       |     4 |     8 ||    14
 Stab: Sleeping          |       |     1 |       |     5 |       ||     6
       Distracted        |       |       |     6 |     8 |     5 ||    19
       Paralysed         |       |       |     1 |       |       ||     1
Armor: Ring mail         |    29 |    37 |    53 |   171 |    32 ||   322
Dodge: Dodged            |    40 |    50 |    76 |   247 |    58 ||   471
Block: Other             |     2 |    17 |       |       |       ||    19
       Buckler           |       |     7 |    99 |   348 |   104 ||   558
       Reflection        |       |     3 |     3 |    15 |     3 ||    24

Table legend: (Time is in decaauts)
 A = Elapsed time spent in this place.
 B = Non-inter-level travel time spent in this place.
 C = Inter-level travel time spent in this place.
 D = Time resting spent in this place.
 E = Time spent auto-exploring this place.
 F = Levels seen in this place.
 G = Mean time per level.
                   A        B        C        D        E       F      G
               +--------+--------+--------+--------+--------+-----+--------+
         Total |  16471 |  15936 |    535 |   3451 |   7278 |  15 | 1098.1 |
       Dungeon |  14761 |  14257 |    504 |   3081 |   6604 |  12 | 1230.1 |
          Lair |    347 |    347 |      0 |      0 |    113 |   1 |  347.0 |
  Orcish Mines |   1362 |   1331 |     31 |    370 |    561 |   2 |  681.0 |
               +--------+--------+--------+--------+--------+-----+--------+

Top non-repeatable levels by time:
    D:12: 1992 daAuts
    D:11: 1982 daAuts
    D:10: 1691 daAuts
     D:8: 1383 daAuts
     D:2: 1312 daAuts
   Orc:1: 1184 daAuts
     D:6: 1110 daAuts
     D:9: 1034 daAuts
     D:4: 960 daAuts
     D:5: 933 daAuts
     D:1: 881 daAuts
     D:7: 762 daAuts
     D:3: 717 daAuts
  Lair:1: 347 daAuts
   Orc:2: 178 daAuts
